 Dungeon Sprint DCSS version bcrawl-1.28 (webtiles) character file.

Game seed: 2846881282122608712

75535 pasperui the Ruffian (level 1, 0/18 HPs)
             Began as a Naga Transmuter on Dec 10, 2020.
             Was an Initiate of Cheibriados.
             Slain by an adder (4 damage)
             ... in the Dungeon (Sprint VII: "The Pits").
             The game lasted 00:00:46 (88 turns).

pasperui the Ruffian (Naga Transmuter)                Turns: 88, Time: 00:00:47

Health: 0/18       AC:  1    Str: 13    XL:     1   Next: 60%
Magic:  3/3        EV: 10    Int: 14    God:    Cheibriados [......]
Gold:   0          SH:  0    Dex: 12    Spells: 3/4 levels left

rFire    . . .     SeeInvis +     - Fists (8.2)
rCold    . . .     Gourm    .   (no shield)
rNeg     . . .     Faith    .   b - +0 robe
rPois    +         Spirit   .   (no helmet)
rElec    .         Reflect  .   (no cloak)
rCorr    .         Harm     .   (no gloves)
MR       .....     NoTele   +   (no barding)
Stlth    +.........             (no amulet)
HPRegen  0.06/turn              (no ring)
MPRegen  0.08/turn              (no ring)

@: lethally poisoned (0 -> -6), short of breath, very slow
A: large, see invisible, deformed body, poison resistance, slowness 2, slow
metabolism 1, spit poison 1, AC +0
a: Spit Poison, Bend Time, Renounce Religion


You were in the Dungeon.
You worshipped Cheibriados.
Cheibriados was noncommittal.
You were not hungry.

You visited 1 branch

Inventory:

Missiles
 a - 120 arrows
 p - 10 stones (quivered)
Armour
 b - a +0 robe (worn)
Magical Staves
 q - an uncursed staff of energy
Scrolls
 k - a scroll of blinking
 l - 2 scrolls of vulnerability
 m - 3 scrolls of remove curse
 n - 5 scrolls of amnesia
 o - a scroll of summoning
Potions
 c - 2 potions of invisibility
 d - a potion of lignification
 f - a potion of curing
 g - a potion of heal wounds
 h - a potion of haste
 i - 4 potions of magic
 j - 3 potions of berserk rage
Comestibles
 e - 9 rations {!d}
 r - 2 chunks of flesh


   Skills:
 - Level 1.0 Fighting
 - Level 1.5 Dodging
 * Level 4.4 Unarmed Combat
 - Level 2.0 Spellcasting
 - Level 2.0 Transmutations


You had 3 spell levels left.
You knew the following spells:

 Your Spells              Type           Power        Failure   Level  Hunger
a - Beastly Appendage     Tmut           #.....       11%         1    None

Your spell library contained the following spells:

 Spells                   Type           Power        Failure   Level  Hunger
 Sticks to Snakes         Tmut           #.......     16%         2    ##.....
 Passwall                 Tmut/Erth      #.......     24%         2    ##.....
 Spider Form              Tmut/Pois      #..          43%         3    ####...
 Ice Form                 Ice/Tmut       #.......     83%         4    ######.
 Blade Hands              Tmut           #.........   96%         5    #######


Dungeon Overview and Level Annotations

Branches:
Dungeon (1/1)

Altars:
Ashenzari
Cheibriados
Dithmenos
Elyvilon
Fedhas
Gozag
Hepliaklqana
Kikubaaqudgha
Lugonu
Makhleb
Nemelex Xobeh
Okawaru
Qazlal
Ru
Sif Muna
Trog
Uskayaw
Vehumet
Wu Jian
Xom
Yredelemnul
Zin
The Shining One
Beogh
Jiyva


Innate Abilities, Weirdness & Mutations

You cannot wear boots.
Your serpentine skin is tough. (AC +0)
You have supernaturally acute eyesight. (SInv)
Armour fits poorly on your strangely shaped body.
Your system is resistant to poisons. (rPois)
You cover ground very slowly.
You have a slow metabolism.
You can spit poison.


Message History

The adder poisons you!
You closely miss the adder.
The adder is heavily wounded.
You feel sick. The adder bites you.
You miss the adder.
The adder is heavily wounded.
The adder bites you.
You closely miss the adder.
The adder is heavily wounded.
You feel sick. The adder bites you.
* * * LOW HITPOINT WARNING * * *
Press: ? - help, Shift-Dir - straight line, f/p - adder
Aim: an adder (moderately wounded)
The splash of poison misses the adder.
You feel slightly more hungry. The adder closely misses you.
You closely miss the adder.
The adder is moderately wounded.
* * * LOW HITPOINT WARNING * * *
You feel sick. The adder bites you.
You die...

#_________.#
#_________.#
#_______...###########++
##########'##...........
#....')))'.##......#..#
##########.##..........
#...........)...........
+#####'#####......#..#.
#.@# #...........
+..S..#####'#####+
####+###.......#
#.......# #.......#
#...<...# #.......#
#.......# #.......#


You could see an adder.

Vanquished Creatures
  2 giant cockroaches (D)
  A hobgoblin (D)
3 creatures vanquished.

Notes
Turn   | Place    | Note
-------+----------+-------------------------------------------
     0 | D        | pasperui the Naga Transmuter began the quest for the Orb.
     0 | D        | Reached XP level 1. HP: 18/18 MP: 3/3
    22 | D        | Found a bloodstained altar of Trog.
    22 | D        | Found a shimmering blue altar of Sif Muna.
    22 | D        | Found a viscous altar of Jiyva.
    22 | D        | Found a hazy altar of Hepliaklqana.
    22 | D        | Found an opulent altar of Gozag.
    23 | D        | Found a glowing golden altar of the Shining One.
    23 | D        | Found a glowing silver altar of Zin.
    23 | D        | Found a basalt altar of Yredelemnul.
    23 | D        | Found a shimmering altar of Xom.
    23 | D        | Found an ornate altar of the Wu Jian Council.
    23 | D        | Found a sacrificial altar of Ru.
    23 | D        | Found a stormy altar of Qazlal.
    23 | D        | Found an iron altar of Okawaru.
    23 | D        | Found a sparkling altar of Nemelex Xobeh.
    23 | D        | Found a burning altar of Makhleb.
    23 | D        | Found a blossoming altar of Fedhas.
    23 | D        | Found a white marble altar of Elyvilon.
    23 | D        | Found a shadowy altar of Dithmenos.
    23 | D        | Found a snail-covered altar of Cheibriados.
    25 | D        | Found a corrupted altar of Lugonu.
    25 | D        | Found a radiant altar of Vehumet.
    25 | D        | Found a roughly hewn altar of Beogh.
    26 | D        | Found an ancient bone altar of Kikubaaqudgha.
    26 | D        | Found a hide-covered altar of Uskayaw.
    26 | D        | Found a shattered altar of Ashenzari.
    32 | D        | Became a worshipper of Cheibriados the Contemplative
    70 | D        | Reached skill level 4 in Unarmed Combat
    88 | D        | Slain by an adder

Skill      XL: |  1 |
---------------+----+-----
Unarmed Combat | 4 |  4.4
Fighting       | |  1.0
Dodging        | |  1.5
Spellcasting   | |  2.0
Transmutations | |  2.0

Action                   || total
-------------------------++-------
Melee: Unarmed           ||    19
       Punch             ||     1
 Cast: Beastly Appendage ||     3
 Abil: Spit Poison       ||     2
       End Transformatio ||     1
Armor: Robe              ||     1
Dodge: Dodged            ||     7
